Vancouver Canucks vs Washington Capitals
Created - Wednesday, May 8, 2024 at 07:56
Goals
|
| Vancouver Canucks |
0 |
0 |
2 |
2 |
| Washington Capitals |
2 |
1 |
0 |
3 |
|
Shots
|
| Vancouver Canucks |
6 |
15 |
14 |
35 |
| Washington Capitals |
14 |
12 |
8 |
34 |
|
1st period
1. Washington Capitals , Erik Johnson 2 (Dominik Kubalik 13, Nick Foligno 7) at 5:56
2. Washington Capitals , Alex Ovechkin 26 (Brayden Point 46, Ian Cole 5) at 18:08
Penalties :
Robby Fabbri (VAN) for Roughing (Minor) at 2:49
2nd period
3. Washington Capitals , Brayden Point 30 (Brad Marchand 25, Dominik Kubalik 14) at 18:52
Penalties :
Michael Mcleod (WSH) for Interference (Minor) at 5:37, Brad Marchand (WSH) for Interference (Minor) at 16:14
3rd period
4. Vancouver Canucks , Taylor Raddysh 9 (Casey Mittelstadt 24, Miro Heiskanen 24) at 3:53
5. Vancouver Canucks , Mikko Rantanen 20 (Aleksander Barkov 31, Clayton Keller 24) at 19:37 (PP)
Penalties :
Miro Heiskanen (VAN) for Roughing (Minor) at 1:37, Brad Marchand (WSH) for Holding Stick (Minor) at 4:49, Owen Tippett (WSH) for Hooking (Minor) at 18:28
Goalie Stats
Joonas Korpisalo (VAN), 31 saves from 34 shots - (0.912), L, 20-19-2, 59:51 minutes
Sergei Bobrovsky (WSH), 33 saves from 35 shots - (0.943), W, 9-6-1, 60:00 minutes
Players Stats for Vancouver Canucks
Player Name G A P +/- PIM S H SB GA TA FO MP PP MP PK MP
------------------------------------------------------------------------------------
Adam Boqvist 0 0 0 -1 0 0 0 2 0 0 0/0 15:40 0:00 0:22
Aleksander Barkov 0 1 1 -1 0 4 1 0 1 1 13/24 19:57 3:59 1:35
Anton Lundell 0 0 0 -1 0 0 1 0 0 0 0/2 8:08 0:03 0:19
Artturi Lehkonen 0 0 0 0 0 2 2 0 1 0 2/2 19:32 3:07 2:04
Casey Mittelstadt 0 1 1 0 0 3 0 0 3 0 5/6 16:06 3:04 0:30
Chad Ruhwedel 0 0 0 0 0 3 0 0 0 0 0/0 18:27 3:11 2:17
Clayton Keller 0 1 1 -1 0 1 1 0 1 1 0/0 19:51 3:59 1:31
Jacob Bryson 0 0 0 0 0 1 0 1 0 1 0/0 17:49 3:11 1:36
Jesperi Kotkaniemi 0 0 0 -1 0 0 0 0 1 1 6/12 12:57 0:00 0:22
Justin Schultz 0 0 0 0 0 0 0 0 0 0 0/0 14:28 0:00 0:00
Kasperi Kapanen 0 0 0 0 0 4 3 1 0 0 0/2 17:18 3:04 0:00
Mikko Rantanen 1 0 1 -1 0 6 1 0 0 0 1/1 19:57 3:59 1:35
Miro Heiskanen 0 1 1 -2 2 2 3 1 0 0 0/0 26:42 3:55 1:19
Noah Cates 0 0 0 0 0 1 1 0 0 1 1/4 7:37 0:00 0:00
Noah Hanifin 0 0 0 -1 0 1 0 2 0 0 0/0 26:56 3:55 2:22
Robby Fabbri 0 0 0 0 2 4 2 0 0 0 10/19 14:16 0:00 0:00
Sam Lafferty 0 0 0 0 0 1 2 0 0 0 0/0 7:37 0:00 0:00
Taylor Raddysh 1 0 1 -1 0 2 1 0 1 0 0/0 12:42 0:03 0:00
Players Stats for Washington Capitals
Player Name G A P +/- PIM S H SB GA TA FO MP PP MP PK MP
------------------------------------------------------------------------------------
Alex Ovechkin 1 0 1 1 0 5 3 0 1 0 2/2 18:57 2:10 0:00
Brad Marchand 0 1 1 1 4 0 1 2 0 0 1/1 16:52 0:00 2:29
Brayden Point 1 1 2 2 0 4 0 0 1 0 13/27 19:42 2:10 0:06
David Savard 0 0 0 -1 0 2 1 6 0 1 0/0 25:08 1:53 4:59
Dominik Kubalik 0 2 2 1 0 2 0 0 0 0 0/1 9:35 0:37 2:06
Drake Batherson 0 0 0 0 0 1 0 2 1 1 0/1 14:35 1:11 0:00
Dylan DeMelo 0 0 0 2 0 1 2 1 0 1 0/0 15:50 2:05 0:00
Erik Johnson 1 0 1 2 0 1 2 3 0 1 0/0 15:38 0:00 2:07
Ian Cole 0 1 1 1 0 2 2 2 0 2 0/0 22:46 0:00 4:59
Isac Lundestrom 0 0 0 0 0 0 0 0 0 0 3/3 6:43 0:00 0:29
Jason Robertson 0 0 0 1 0 1 1 0 1 0 1/2 18:57 2:10 0:00
John Carlson 0 0 0 -1 0 0 0 1 0 1 0/0 19:16 1:53 0:00
Jordan Kyrou 0 0 0 0 0 4 1 0 0 0 0/1 11:29 0:00 0:00
Michael Mcleod 0 0 0 0 2 0 0 1 0 1 6/15 14:49 0:00 3:20
Nick Foligno 0 1 1 0 0 1 0 1 0 0 0/1 9:45 0:37 2:33
Nick Jensen 0 0 0 1 0 4 1 2 0 0 0/0 21:22 2:05 2:07
Nico Hischier 0 0 0 0 0 2 2 1 1 0 8/18 18:08 1:11 3:09
Owen Tippett 0 0 0 0 2 4 1 0 0 0 0/0 13:18 1:48 0:00
3 Stars
1 - Brayden Point (WSH)
2 - Erik Johnson (WSH)
3 - Alex Ovechkin (WSH)
Power Play
Vancouver Canucks - 1 on 4 Attempt(s) - 25.00%
Washington Capitals - 0 on 2 Attempt(s) - 0.00%
Penalty Kill
Vancouver Canucks - 2 on 2 Attempt(s) - 100.00%
- Score 0 goal in Penalty Kill
Washington Capitals - 3 on 4 Attempt(s) - 75.00%
- Score 0 goal in Penalty Kill
Team Stat
Vancouver Canucks - Hits : 18 - Faceoff Wins : 38 - Blocked Shots : 7 - Penalty Minutes : 4
Washington Capitals - Hits : 17 - Faceoff Wins : 34 - Blocked Shots : 22 - Penalty Minutes : 8
Official
Referees : Jon Mclsaac and Rob Martell
Linesman : Michel Cormier and Derek Nansen
Game Notes
No Game Note
Finance
Level 1 -- Attendance: 6000 (100.00%) -- Ticket Income $570,000
Level 2 -- Attendance: 5000 (100.00%) -- Ticket Income $275,000
Level 3 -- Attendance: 2813 (93.77%) -- Ticket Income $92,829
Level 4 -- Attendance: 4859 (97.18%) -- Ticket Income $106,898
Luxury Box -- Attendance: 804 (80.40%) -- Ticket Income $156,780
Game was played at the Verizon Center.
Total Attendance: 19476 (97.38%)
Total Ticket Income: $1,201,507
Other Income: $420,527
Total Income: $1,622,034
Vancouver Canucks
5 vs 5 Forward
Center Left Wing Right Wing Time % Phy DF OF
1 Aleksander Barkov Clayton Keller Mikko Rantanen 30 1 2 2
2 Robby Fabbri Artturi Lehkonen Kasperi Kapanen 30 1 2 2
3 Jesperi Kotkaniemi Casey Mittelstadt Taylor Raddysh 25 1 2 2
4 Noah Cates Anton Lundell Sam Lafferty 15 1 2 2
5 vs 5 Defense
Defense Defense Time % Phy DF OF
1 Adam Boqvist Miro Heiskanen 30 1 2 2
2 Noah Hanifin Justin Schultz 30 1 2 2
3 Chad Ruhwedel Jacob Bryson 25 1 2 2
4 Noah Hanifin Miro Heiskanen 15 1 2 2
PowerPlay Forward
Center Left Wing Right Wing Time % Phy DF OF
1 Aleksander Barkov Clayton Keller Mikko Rantanen 50 1 2 2
2 Casey Mittelstadt Artturi Lehkonen Kasperi Kapanen 50 1 2 2
PowerPlay Defense
Defense Defense Time % Phy DF OF
1 Noah Hanifin Miro Heiskanen 50 1 2 2
2 Chad Ruhwedel Jacob Bryson 50 1 2 2
Penalty Kill 4 Players Forward
Center Wing Time % Phy DF OF
1 Aleksander Barkov Mikko Rantanen 50 1 2 2
2 Clayton Keller Artturi Lehkonen 50 1 2 2
Penalty Kill 4 Players Defense
Defense Defense Time % Phy DF OF
1 Noah Hanifin Miro Heiskanen 50 1 2 2
2 Chad Ruhwedel Jacob Bryson 50 1 2 2
Penalty Kill - 3 Players Forward
Forward Time % Phy DF OF
1 Aleksander Barkov 50 1 2 2
2 Mikko Rantanen 50 1 2 2
Penalty Kill - 3 Players Defense
Defense Defense Time % Phy DF OF
1 Noah Hanifin Miro Heiskanen 50 1 2 2
2 Chad Ruhwedel Adam Boqvist 50 1 2 2
4 vs 4 Forward
Center Wing Time % Phy DF OF
1 Aleksander Barkov Mikko Rantanen 50 1 2 2
2 Clayton Keller Artturi Lehkonen 50 1 2 2
4 vs 4 Defense
Defense Defense Time % Phy DF OF
1 Noah Hanifin Miro Heiskanen 50 1 2 2
2 Chad Ruhwedel Justin Schultz 50 1 2 2
Last Minutes Offensive
Center Left Wing Right Wing Defense Defense
Aleksander Barkov Clayton Keller Mikko Rantanen Noah Hanifin Miro Heiskanen
Last Minutes Defensive
Center Left Wing Right Wing Defense Defense
Aleksander Barkov Clayton Keller Mikko Rantanen Noah Hanifin Miro Heiskanen
Goaltenders
Starting : Joonas Korpisalo
Backup : Ville Husso
Extra Forwards
Normal : Taylor Raddysh, Anton Lundell, Jesperi Kotkaniemi - PP : Taylor Raddysh, Anton Lundell - PK : Jesperi Kotkaniemi
Extra Defensemen
Normal : Miro Heiskanen, Jacob Bryson, Chad Ruhwedel - PP : Noah Hanifin - PK : Jacob Bryson, Chad Ruhwedel
Penalty Shots
Aleksander Barkov, Mikko Rantanen, Clayton Keller, Artturi Lehkonen, Casey Mittelstadt
Washington Capitals
5 vs 5 Forward
Center Left Wing Right Wing Time % Phy DF OF
1 Brayden Point Alex Ovechkin Jason Robertson 40 1 1 3
2 Nico Hischier Brad Marchand Drake Batherson 30 1 1 3
3 Michael Mcleod Owen Tippett Jordan Kyrou 20 1 1 3
4 Isac Lundestrom Nick Foligno Dominik Kubalik 10 1 1 3
5 vs 5 Defense
Defense Defense Time % Phy DF OF
1 John Carlson David Savard 37 2 3 0
2 Nick Jensen Ian Cole 35 2 3 0
3 Dylan DeMelo Erik Johnson 28 2 3 0
4 John Carlson Ian Cole 0 2 3 0
PowerPlay Forward
Center Left Wing Right Wing Time % Phy DF OF
1 Brayden Point Alex Ovechkin Jason Robertson 60 1 2 2
2 Nico Hischier Owen Tippett Drake Batherson 40 1 2 2
PowerPlay Defense
Defense Defense Time % Phy DF OF
1 David Savard John Carlson 60 1 2 2
2 Dylan DeMelo Nick Jensen 40 1 2 2
Penalty Kill 4 Players Forward
Center Wing Time % Phy DF OF
1 Michael Mcleod Brad Marchand 60 1 2 2
2 Isac Lundestrom Nick Foligno 40 1 2 2
Penalty Kill 4 Players Defense
Defense Defense Time % Phy DF OF
1 David Savard Ian Cole 60 1 2 2
2 Erik Johnson Nick Jensen 40 1 2 2
Penalty Kill - 3 Players Forward
Forward Time % Phy DF OF
1 Michael Mcleod 60 1 2 2
2 Isac Lundestrom 40 1 2 2
Penalty Kill - 3 Players Defense
Defense Defense Time % Phy DF OF
1 David Savard Ian Cole 60 1 2 2
2 Erik Johnson Nick Jensen 40 1 2 2
4 vs 4 Forward
Center Wing Time % Phy DF OF
1 Brayden Point Alex Ovechkin 60 1 2 2
2 Nico Hischier Jason Robertson 40 1 2 2
4 vs 4 Defense
Defense Defense Time % Phy DF OF
1 David Savard John Carlson 60 1 2 2
2 Dylan DeMelo Nick Jensen 40 1 2 2
Last Minutes Offensive
Center Left Wing Right Wing Defense Defense
Brayden Point Alex Ovechkin Jason Robertson David Savard John Carlson
Last Minutes Defensive
Center Left Wing Right Wing Defense Defense
Nico Hischier Brad Marchand Nick Foligno Nick Jensen Ian Cole
Goaltenders
Starting : Sergei Bobrovsky
Backup : Jake Oettinger
Extra Forwards
Normal : Jordan Kyrou, Drake Batherson, Dominik Kubalik - PP : Owen Tippett, Brayden Point - PK : Nico Hischier
Extra Defensemen
Normal : Nick Jensen, Dylan DeMelo, Ian Cole - PP : John Carlson - PK : Nick Jensen, Dylan DeMelo
Penalty Shots
Jason Robertson, Drake Batherson, Brayden Point, Alex Ovechkin, David Savard
% Time on Ice - Vancouver Canucks
Lines # - Real PCT - Wanted PCT - Time Play
Normal Forward
1 - 29% - 30% - 14:01
2 - 30% - 30% - 14:21
3 - 26% - 25% - 12:35
4 - 16% - 15% - 7:37
Normal Defense
1 - 32% - 30% - 15:25
2 - 31% - 30% - 15:04
3 - 25% - 25% - 12:23
4 - 12% - 15% - 5:42
PP Forward
1 - 56% - 50% - 3:59
2 - 44% - 50% - 3:07
PP Defense
1 - 55% - 50% - 3:55
2 - 45% - 50% - 3:11
PK Forward
1 - 48% - 50% - 1:54
2 - 52% - 50% - 2:04
PK Defense
1 - 61% - 50% - 2:26
2 - 39% - 50% - 1:32
PK3 Forward
1 - 0% - 50%
2 - 0% - 50%
PK3 Defense
1 - 0% - 50%
2 - 0% - 50%
44 Forward
1 - 0% - 50%
2 - 0% - 50%
44 Defense
1 - 0% - 50%
2 - 0% - 50%
Last Minute Offensive - 0:22
Last Minute Defensive - 0:00
Total
Forward - 60:00
Defense - 60:00
|
% Time on Ice - Washington Capitals
Lines # - Real PCT - Wanted PCT - Time Play
Normal Forward
1 - 36% - 40% - 17:28
2 - 28% - 30% - 13:24
3 - 24% - 20% - 11:29
4 - 13% - 10% - 6:13
Normal Defense
1 - 38% - 37% - 18:16
2 - 35% - 35% - 16:48
3 - 28% - 28% - 13:30
4 - 0% - 0% - 0:00
PP Forward
1 - 55% - 60% - 2:10
2 - 45% - 40% - 1:48
PP Defense
1 - 47% - 60% - 1:53
2 - 53% - 40% - 2:05
PK Forward
1 - 100% - 60% - 7:06
2 - 0% - 40% - 0:00
PK Defense
1 - 70% - 60% - 4:59
2 - 30% - 40% - 2:07
PK3 Forward
1 - 0% - 60%
2 - 0% - 40%
PK3 Defense
1 - 0% - 60%
2 - 0% - 40%
44 Forward
1 - 0% - 60%
2 - 0% - 40%
44 Defense
1 - 0% - 60%
2 - 0% - 40%
Last Minute Offensive - 0:00
Last Minute Defensive - 0:22
Total
Forward - 60:00
Defense - 60:00
|
Play-by-Play
1st period
0:01 of 1st period - Brayden Point wins face-off versus Aleksander Barkov in neutral zone.
0:14 of 1st period - Snap shot by Brayden Point.
0:14 of 1st period - Stopped by Joonas Korpisalo without a rebound.
0:15 of 1st period - Nico Hischier wins face-off versus Robby Fabbri in Vancouver Canucks zone.
1:12 of 1st period - Snap shot by Taylor Raddysh.
1:12 of 1st period - Shot Blocked by Nick Jensen.
1:14 of 1st period - Slapshot by Chad Ruhwedel.
1:14 of 1st period - Deflect By Nick Jensen.
1:14 of 1st period - Stopped by Sergei Bobrovsky with a rebound.
1:32 of 1st period - Wrist shot by Dominik Kubalik.
1:32 of 1st period - Deflect By Aleksander Barkov.
1:32 of 1st period - Stopped by Joonas Korpisalo with a rebound.
1:34 of 1st period - Snap shot by Nick Jensen.
1:34 of 1st period - Stopped by Joonas Korpisalo with a rebound.
1:36 of 1st period - Slapshot by Nick Jensen.
1:36 of 1st period - Shot Misses the Net.
1:48 of 1st period - Wrist shot by Artturi Lehkonen.
1:48 of 1st period - Shot Blocked by Erik Johnson.
2:03 of 1st period - Icing by Jacob Bryson.
2:04 of 1st period - Michael Mcleod wins face-off versus Noah Cates in Vancouver Canucks zone.
2:07 of 1st period - Wrist shot by Jordan Kyrou.
2:07 of 1st period - Stopped by Joonas Korpisalo with a rebound.
2:09 of 1st period - Slapshot by David Savard.
2:09 of 1st period - Stopped by Joonas Korpisalo with a rebound.
2:11 of 1st period - Snap shot by Jordan Kyrou.
2:11 of 1st period - Stopped by Joonas Korpisalo without a rebound.
2:12 of 1st period - Jesperi Kotkaniemi wins face-off versus Brayden Point in Vancouver Canucks zone.
2:21 of 1st period - Icing by David Savard.
2:22 of 1st period - Brayden Point wins face-off versus Jesperi Kotkaniemi in Washington Capitals zone.
2:30 of 1st period - Off-side.
2:31 of 1st period - Brayden Point wins face-off versus Robby Fabbri in neutral zone.
2:49 of 1st period - Minor Penalty to Robby Fabbri for Roughing.
2:50 of 1st period - Aleksander Barkov wins face-off versus Brayden Point in Vancouver Canucks zone.
4:32 of 1st period - Dylan DeMelo is hit by Miro Heiskanen and loses puck.
4:49 of 1st period - Penalty to Robby Fabbri is over, Robby Fabbri is back on ice.
5:03 of 1st period - Snap shot by Taylor Raddysh.
5:03 of 1st period - Deflect By Casey Mittelstadt.
5:03 of 1st period - Shot Blocked by Dylan DeMelo.
5:03 of 1st period - Puck is out of play.
5:04 of 1st period - Jesperi Kotkaniemi wins face-off versus Dominik Kubalik in Washington Capitals zone.
5:09 of 1st period - Snap shot by Casey Mittelstadt.
5:09 of 1st period - Shot Misses the Net.
5:27 of 1st period - Slapshot by Jesperi Kotkaniemi.
5:27 of 1st period - Shot Misses the Net.
5:29 of 1st period - Slapshot by Jesperi Kotkaniemi.
5:29 of 1st period - Shot Blocked by David Savard.
5:43 of 1st period - David Savard is hit by Miro Heiskanen.
5:54 of 1st period - Wrist shot by Dominik Kubalik.
5:54 of 1st period - Shot Hit the Post.
5:56 of 1st period - Slapshot by Erik Johnson.
5:56 of 1st period - Goal by Erik Johnson - Vancouver Canucks : 0 - Washington Capitals : 1.
5:57 of 1st period - Brayden Point wins face-off versus Aleksander Barkov in neutral zone.
7:22 of 1st period - Snap shot by Aleksander Barkov.
7:22 of 1st period - Stopped by Sergei Bobrovsky without a rebound.
7:23 of 1st period - Isac Lundestrom wins face-off versus Aleksander Barkov in Washington Capitals zone.
7:34 of 1st period - Snap shot by Dominik Kubalik.
7:34 of 1st period - Shot Misses the Net.
7:36 of 1st period - Slapshot by David Savard.
7:36 of 1st period - Deflect By Dominik Kubalik.
7:36 of 1st period - Stopped by Joonas Korpisalo with a rebound.
7:38 of 1st period - Snap shot by Isac Lundestrom.
7:38 of 1st period - Shot Misses the Net.
7:40 of 1st period - Snap shot by David Savard.
7:40 of 1st period - Deflect By Nick Foligno.
7:40 of 1st period - Shot Misses the Net.
7:40 of 1st period - Puck is out of play.
7:41 of 1st period - Brad Marchand wins face-off versus Robby Fabbri in Vancouver Canucks zone.
8:06 of 1st period - Mikko Rantanen is hit by Alex Ovechkin.
8:14 of 1st period - Snap shot by Mikko Rantanen.
8:14 of 1st period - Stopped by Sergei Bobrovsky with a rebound.
8:16 of 1st period - Snap shot by Mikko Rantanen.
8:16 of 1st period - Stopped by Sergei Bobrovsky without a rebound.
8:17 of 1st period - Brayden Point wins face-off versus Robby Fabbri in Washington Capitals zone.
9:07 of 1st period - Miro Heiskanen is hit by Erik Johnson and loses puck.
9:14 of 1st period - Wrist shot by Sam Lafferty.
9:14 of 1st period - Shot Misses the Net.
9:16 of 1st period - Snap shot by Anton Lundell.
9:16 of 1st period - Shot Blocked by Erik Johnson.
9:47 of 1st period - Nick Jensen is hit by Miro Heiskanen and loses puck.
10:08 of 1st period - Nick Jensen is hit by Mikko Rantanen and loses puck.
10:41 of 1st period - Snap shot by Aleksander Barkov.
10:41 of 1st period - Stopped by Sergei Bobrovsky with a rebound.
10:51 of 1st period - Snap shot by Aleksander Barkov.
10:51 of 1st period - Stopped by Sergei Bobrovsky with a rebound.
11:05 of 1st period - Nick Jensen is hit by Aleksander Barkov and loses puck.
11:17 of 1st period - Wrist shot by Jordan Kyrou.
11:17 of 1st period - Stopped by Joonas Korpisalo without a rebound.
11:18 of 1st period - Brayden Point wins face-off versus Robby Fabbri in Vancouver Canucks zone.
11:29 of 1st period - Snap shot by Alex Ovechkin.
11:29 of 1st period - Stopped by Joonas Korpisalo without a rebound.
11:30 of 1st period - Robby Fabbri wins face-off versus Brayden Point in Vancouver Canucks zone.
11:55 of 1st period - Casey Mittelstadt is hit by Nico Hischier and loses puck.
13:22 of 1st period - Justin Schultz is hit by Dylan DeMelo and loses puck.
13:37 of 1st period - Ian Cole is hit by Robby Fabbri and loses puck.
15:17 of 1st period - Ian Cole is hit by Robby Fabbri and loses puck.
16:24 of 1st period - Snap shot by Jesperi Kotkaniemi.
16:24 of 1st period - Shot Blocked by John Carlson.
16:33 of 1st period - Icing by Chad Ruhwedel.
16:34 of 1st period - Michael Mcleod wins face-off versus Jesperi Kotkaniemi in Vancouver Canucks zone.
16:35 of 1st period - Slapshot by Owen Tippett.
16:35 of 1st period - Shot Misses the Net.
16:37 of 1st period - Wrist shot by Jason Robertson.
16:37 of 1st period - Shot Misses the Net.
17:47 of 1st period - Snap shot by Jordan Kyrou.
17:47 of 1st period - Stopped by Joonas Korpisalo with a rebound.
17:49 of 1st period - Slapshot by David Savard.
17:49 of 1st period - Stopped by Joonas Korpisalo without a rebound.
17:50 of 1st period - Aleksander Barkov wins face-off versus Brayden Point in Vancouver Canucks zone.
17:57 of 1st period - Miro Heiskanen is hit by Nick Jensen and loses puck.
18:08 of 1st period - Snap shot by Alex Ovechkin.
18:08 of 1st period - Goal by Alex Ovechkin - Vancouver Canucks : 0 - Washington Capitals : 2.
18:09 of 1st period - Artturi Lehkonen wins face-off versus Brayden Point in neutral zone.
18:12 of 1st period - John Carlson is hit by Kasperi Kapanen and loses puck.
18:25 of 1st period - Snap shot by Robby Fabbri.
18:25 of 1st period - Shot Blocked by David Savard.
19:00 of 1st period - Chad Ruhwedel is hit by Brad Marchand and loses puck.
19:07 of 1st period - Slapshot by Nico Hischier.
19:07 of 1st period - Stopped by Joonas Korpisalo without a rebound.
19:08 of 1st period - Nico Hischier wins face-off versus Robby Fabbri in Vancouver Canucks zone.
19:53 of 1st period - Slapshot by Drake Batherson.
19:53 of 1st period - Shot Misses the Net.
Goals for this period are 0 for Vancouver Canucks vs 2 for Washington Capitals.
Shots for this period are 6 for Vancouver Canucks vs 14 for Washington Capitals.
2nd period
0:01 of 2nd period - Robby Fabbri wins face-off versus Brayden Point in neutral zone.
0:06 of 2nd period - Slapshot by Artturi Lehkonen.
0:06 of 2nd period - Shot Misses the Net.
0:22 of 2nd period - Kasperi Kapanen is hit by Alex Ovechkin and loses puck.
0:40 of 2nd period - Off-side.
0:41 of 2nd period - Nico Hischier wins face-off versus Jesperi Kotkaniemi in neutral zone.
1:50 of 2nd period - Off-side.
1:51 of 2nd period - Robby Fabbri wins face-off versus Brayden Point in neutral zone.
1:57 of 2nd period - Icing by David Savard.
1:58 of 2nd period - Robby Fabbri wins face-off versus Brayden Point in Washington Capitals zone.
2:05 of 2nd period - Snap shot by Artturi Lehkonen.
2:05 of 2nd period - Shot Misses the Net.
2:17 of 2nd period - Wrist shot by Brayden Point.
2:17 of 2nd period - Stopped by Joonas Korpisalo with a rebound.
2:34 of 2nd period - Off-side.
2:35 of 2nd period - Nico Hischier wins face-off versus Noah Cates in neutral zone.
2:50 of 2nd period - Snap shot by Sam Lafferty.
2:50 of 2nd period - Shot Blocked by Nico Hischier.
3:50 of 2nd period - Slapshot by Taylor Raddysh.
3:50 of 2nd period - Stopped by Sergei Bobrovsky with a rebound.
4:02 of 2nd period - Nick Jensen is hit by Sam Lafferty and loses puck.
4:18 of 2nd period - Off-side.
4:19 of 2nd period - Robby Fabbri wins face-off versus Nico Hischier in neutral zone.
4:22 of 2nd period - Snap shot by Kasperi Kapanen.
4:22 of 2nd period - Stopped by Sergei Bobrovsky with a rebound.
4:24 of 2nd period - Snap shot by Artturi Lehkonen.
4:24 of 2nd period - Deflect By Kasperi Kapanen.
4:24 of 2nd period - Shot Hit the Post.
4:24 of 2nd period - Puck is out of play.
4:25 of 2nd period - Nico Hischier wins face-off versus Kasperi Kapanen in Washington Capitals zone.
4:35 of 2nd period - Wrist shot by Artturi Lehkonen.
4:35 of 2nd period - Deflect By Robby Fabbri.
4:35 of 2nd period - Stopped by Sergei Bobrovsky without a rebound.
4:36 of 2nd period - Brayden Point wins face-off versus Aleksander Barkov in Washington Capitals zone.
4:41 of 2nd period - Mikko Rantanen is hit by Jason Robertson and loses puck.
5:02 of 2nd period - Drake Batherson is hit by Kasperi Kapanen and loses puck.
5:37 of 2nd period - Minor Penalty to Michael Mcleod for Interference.
5:38 of 2nd period - Aleksander Barkov wins face-off versus Nico Hischier in Washington Capitals zone.
6:19 of 2nd period - Snap shot by Mikko Rantanen.
6:19 of 2nd period - Shot Blocked by Nick Foligno.
6:21 of 2nd period - Slapshot by Miro Heiskanen.
6:21 of 2nd period - Deflect By Casey Mittelstadt.
6:21 of 2nd period - Shot Blocked by David Savard.
6:21 of 2nd period - Puck is out of play.
6:22 of 2nd period - Casey Mittelstadt wins face-off versus Nick Foligno in Washington Capitals zone.
6:35 of 2nd period - Wrist shot by Artturi Lehkonen.
6:35 of 2nd period - Shot Misses the Net.
6:37 of 2nd period - Slapshot by Jacob Bryson.
6:37 of 2nd period - Deflect By Nick Foligno.
6:37 of 2nd period - Stopped by Sergei Bobrovsky with a rebound.
6:39 of 2nd period - Wrist shot by Kasperi Kapanen.
6:39 of 2nd period - Stopped by Sergei Bobrovsky without a rebound.
6:40 of 2nd period - Aleksander Barkov wins face-off versus Nico Hischier in Washington Capitals zone.
7:07 of 2nd period - Noah Hanifin is hit by Ian Cole and loses puck.
7:37 of 2nd period - Penalty to Michael Mcleod is over, Michael Mcleod is back on ice.
7:44 of 2nd period - Snap shot by Noah Cates.
7:44 of 2nd period - Shot Blocked by Erik Johnson.
8:04 of 2nd period - Miro Heiskanen is hit by Owen Tippett.
8:08 of 2nd period - Slapshot by Casey Mittelstadt.
8:08 of 2nd period - Stopped by Sergei Bobrovsky without a rebound.
8:09 of 2nd period - Michael Mcleod wins face-off versus Aleksander Barkov in Washington Capitals zone.
8:33 of 2nd period - Snap shot by Owen Tippett.
8:33 of 2nd period - Stopped by Joonas Korpisalo without a rebound.
8:34 of 2nd period - Brayden Point wins face-off versus Robby Fabbri in Vancouver Canucks zone.
8:35 of 2nd period - Wrist shot by Alex Ovechkin.
8:35 of 2nd period - Stopped by Joonas Korpisalo with a rebound.
8:37 of 2nd period - Snap shot by Jason Robertson.
8:37 of 2nd period - Stopped by Joonas Korpisalo with a rebound.
8:41 of 2nd period - Wrist shot by Alex Ovechkin.
8:41 of 2nd period - Stopped by Joonas Korpisalo without a rebound.
8:42 of 2nd period - Alex Ovechkin wins face-off versus Robby Fabbri in Vancouver Canucks zone.
8:59 of 2nd period - Snap shot by Jason Robertson.
8:59 of 2nd period - Deflect By Brayden Point.
8:59 of 2nd period - Shot Misses the Net.
8:59 of 2nd period - Puck is out of play.
9:00 of 2nd period - Nico Hischier wins face-off versus Aleksander Barkov in Vancouver Canucks zone.
9:17 of 2nd period - Wrist shot by Clayton Keller.
9:17 of 2nd period - Shot Blocked by David Savard.
9:41 of 2nd period - Icing by Kasperi Kapanen.
9:42 of 2nd period - Robby Fabbri wins face-off versus Michael Mcleod in Vancouver Canucks zone.
9:49 of 2nd period - Dylan DeMelo is hit by Artturi Lehkonen and loses puck.
10:33 of 2nd period - Snap shot by Casey Mittelstadt.
10:33 of 2nd period - Deflect By Taylor Raddysh.
10:33 of 2nd period - Shot Blocked by Nick Jensen.
10:33 of 2nd period - Puck is out of play.
10:34 of 2nd period - Jesperi Kotkaniemi wins face-off versus Nico Hischier in Washington Capitals zone.
10:47 of 2nd period - Snap shot by Taylor Raddysh.
10:47 of 2nd period - Shot Blocked by Brad Marchand.
10:49 of 2nd period - Wrist shot by Noah Hanifin.
10:49 of 2nd period - Shot Misses the Net.
10:57 of 2nd period - Snap shot by Jesperi Kotkaniemi.
10:57 of 2nd period - Shot Blocked by Drake Batherson.
11:05 of 2nd period - Snap shot by Drake Batherson.
11:05 of 2nd period - Stopped by Joonas Korpisalo without a rebound.
11:06 of 2nd period - Jason Robertson wins face-off versus Aleksander Barkov in Vancouver Canucks zone.
11:39 of 2nd period - Wrist shot by Owen Tippett.
11:39 of 2nd period - Shot Blocked by Kasperi Kapanen.
11:41 of 2nd period - Slapshot by Erik Johnson.
11:41 of 2nd period - Deflect By Owen Tippett.
11:41 of 2nd period - Stopped by Joonas Korpisalo without a rebound.
11:42 of 2nd period - Michael Mcleod wins face-off versus Jesperi Kotkaniemi in Vancouver Canucks zone.
12:01 of 2nd period - Snap shot by Jordan Kyrou.
12:01 of 2nd period - Shot Misses the Net.
12:28 of 2nd period - Snap shot by Owen Tippett.
12:28 of 2nd period - Stopped by Joonas Korpisalo with a rebound.
12:30 of 2nd period - Slapshot by Ian Cole.
12:30 of 2nd period - Stopped by Joonas Korpisalo with a rebound.
12:32 of 2nd period - Snap shot by Michael Mcleod.
12:32 of 2nd period - Shot Blocked by Adam Boqvist.
12:34 of 2nd period - Snap shot by Michael Mcleod.
12:34 of 2nd period - Shot Misses the Net.
12:36 of 2nd period - Snap shot by Michael Mcleod.
12:36 of 2nd period - Shot Misses the Net.
12:38 of 2nd period - Slapshot by Nick Jensen.
12:38 of 2nd period - Stopped by Joonas Korpisalo with a rebound.
12:40 of 2nd period - Snap shot by Owen Tippett.
12:40 of 2nd period - Shot Misses the Net.
12:42 of 2nd period - Slapshot by Ian Cole.
12:42 of 2nd period - Stopped by Joonas Korpisalo without a rebound.
12:43 of 2nd period - Mikko Rantanen wins face-off versus Jason Robertson in Vancouver Canucks zone.
12:54 of 2nd period - Snap shot by Aleksander Barkov.
12:54 of 2nd period - Stopped by Sergei Bobrovsky without a rebound.
12:55 of 2nd period - Aleksander Barkov wins face-off versus Brayden Point in Washington Capitals zone.
12:56 of 2nd period - Slapshot by Mikko Rantanen.
12:56 of 2nd period - Stopped by Sergei Bobrovsky with a rebound.
13:00 of 2nd period - Slapshot by Aleksander Barkov.
13:00 of 2nd period - Shot Blocked by David Savard.
13:12 of 2nd period - Slapshot by Brayden Point.
13:12 of 2nd period - Shot Blocked by Noah Hanifin.
13:26 of 2nd period - Slapshot by Aleksander Barkov.
13:26 of 2nd period - Shot Blocked by Brad Marchand.
13:35 of 2nd period - Off-side.
13:36 of 2nd period - Noah Cates wins face-off versus Brayden Point in neutral zone.
13:45 of 2nd period - Snap shot by Sam Lafferty.
13:45 of 2nd period - Stopped by Sergei Bobrovsky without a rebound.
13:46 of 2nd period - Brayden Point wins face-off versus Anton Lundell in Washington Capitals zone.
13:53 of 2nd period - Snap shot by Noah Cates.
13:53 of 2nd period - Shot Misses the Net.
13:55 of 2nd period - Wrist shot by Sam Lafferty.
13:55 of 2nd period - Shot Misses the Net.
13:57 of 2nd period - Slapshot by Jacob Bryson.
13:57 of 2nd period - Deflect By Noah Cates.
13:57 of 2nd period - Stopped by Sergei Bobrovsky with a rebound.
13:59 of 2nd period - Backhand shot by Noah Cates.
13:59 of 2nd period - Deflect By Sam Lafferty.
13:59 of 2nd period - Shot Misses the Net.
13:59 of 2nd period - Puck is out of play.
14:00 of 2nd period - Aleksander Barkov wins face-off versus Nico Hischier in Washington Capitals zone.
14:01 of 2nd period - Slapshot by Mikko Rantanen.
14:01 of 2nd period - Shot Misses the Net.
14:03 of 2nd period - Snap shot by Mikko Rantanen.
14:03 of 2nd period - Shot Misses the Net.
14:27 of 2nd period - Alex Ovechkin is hit by Artturi Lehkonen and loses puck.
14:38 of 2nd period - Snap shot by Artturi Lehkonen.
14:38 of 2nd period - Stopped by Sergei Bobrovsky with a rebound.
14:40 of 2nd period - Snap shot by Kasperi Kapanen.
14:40 of 2nd period - Stopped by Sergei Bobrovsky with a rebound.
15:04 of 2nd period - Isac Lundestrom is hit by Taylor Raddysh and loses puck.
15:16 of 2nd period - Icing by Taylor Raddysh.
15:17 of 2nd period - Nico Hischier wins face-off versus Noah Cates in Vancouver Canucks zone.
16:07 of 2nd period - Wrist shot by Miro Heiskanen.
16:07 of 2nd period - Stopped by Sergei Bobrovsky with a rebound.
16:09 of 2nd period - Slapshot by Miro Heiskanen.
16:09 of 2nd period - Stopped by Sergei Bobrovsky without a rebound.
16:10 of 2nd period - Robby Fabbri wins face-off versus Nico Hischier in Washington Capitals zone.
16:14 of 2nd period - Minor Penalty to Brad Marchand for Interference.
16:15 of 2nd period - Michael Mcleod wins face-off versus Casey Mittelstadt in Washington Capitals zone.
16:27 of 2nd period - Wrist shot by Nico Hischier.
16:27 of 2nd period - Shot Blocked by Jacob Bryson.
16:33 of 2nd period - Kasperi Kapanen is hit by Ian Cole and loses puck.
18:14 of 2nd period - Penalty to Brad Marchand is over, Brad Marchand is back on ice.
18:34 of 2nd period - Brayden Point is hit by Noah Cates and loses puck.
18:52 of 2nd period - Wrist shot by Brayden Point.
18:52 of 2nd period - Goal by Brayden Point - Vancouver Canucks : 0 - Washington Capitals : 3.
18:53 of 2nd period - Michael Mcleod wins face-off versus Aleksander Barkov in neutral zone.
18:55 of 2nd period - Off-side.
18:56 of 2nd period - Aleksander Barkov wins face-off versus Michael Mcleod in neutral zone.
19:35 of 2nd period - Snap shot by Robby Fabbri.
19:35 of 2nd period - Stopped by Sergei Bobrovsky with a rebound.
19:49 of 2nd period - Slapshot by Sam Lafferty.
19:49 of 2nd period - Shot Misses the Net.
19:55 of 2nd period - Slapshot by Anton Lundell.
19:55 of 2nd period - Shot Misses the Net.
19:57 of 2nd period - Snap shot by Anton Lundell.
19:57 of 2nd period - Shot Misses the Net.
Goals for this period are 0 for Vancouver Canucks vs 1 for Washington Capitals.
Shots for this period are 15 for Vancouver Canucks vs 12 for Washington Capitals.
3rd period
0:01 of 3rd period - Artturi Lehkonen wins face-off versus Drake Batherson in neutral zone.
0:18 of 3rd period - Icing by David Savard.
0:19 of 3rd period - Aleksander Barkov wins face-off versus Nico Hischier in Washington Capitals zone.
0:20 of 3rd period - Snap shot by Mikko Rantanen.
0:20 of 3rd period - Shot Blocked by Drake Batherson.
1:37 of 3rd period - Minor Penalty to Miro Heiskanen for Roughing.
1:38 of 3rd period - Jesperi Kotkaniemi wins face-off versus Brayden Point in Vancouver Canucks zone.
1:38 of 3rd period - Jesperi Kotkaniemi is hit by Dylan DeMelo.
2:45 of 3rd period - Snap shot by Dominik Kubalik.
2:45 of 3rd period - Shot Blocked by Adam Boqvist.
2:47 of 3rd period - Slapshot by Dylan DeMelo.
2:47 of 3rd period - Stopped by Joonas Korpisalo without a rebound.
2:48 of 3rd period - Brayden Point wins face-off versus Aleksander Barkov in Vancouver Canucks zone.
3:37 of 3rd period - Penalty to Miro Heiskanen is over, Miro Heiskanen is back on ice.
3:49 of 3rd period - Wrist shot by Casey Mittelstadt.
3:49 of 3rd period - Shot Misses the Net.
3:51 of 3rd period - Wrist shot by Casey Mittelstadt.
3:51 of 3rd period - Stopped by Sergei Bobrovsky with a rebound.
3:53 of 3rd period - Wrist shot by Taylor Raddysh.
3:53 of 3rd period - Goal by Taylor Raddysh - Vancouver Canucks : 1 - Washington Capitals : 3.
3:54 of 3rd period - Robby Fabbri wins face-off versus Brayden Point in neutral zone.
4:47 of 3rd period - Wrist shot by Noah Cates.
4:47 of 3rd period - Shot Misses the Net.
4:49 of 3rd period - Minor Penalty to Brad Marchand for Holding Stick.
4:50 of 3rd period - Casey Mittelstadt wins face-off versus Michael Mcleod in Washington Capitals zone.
4:51 of 3rd period - Wrist shot by Artturi Lehkonen.
4:51 of 3rd period - Stopped by Sergei Bobrovsky with a rebound.
4:57 of 3rd period - Slapshot by Artturi Lehkonen.
4:57 of 3rd period - Shot Blocked by Ian Cole.
4:59 of 3rd period - Slapshot by Jacob Bryson.
4:59 of 3rd period - Deflect By Casey Mittelstadt.
4:59 of 3rd period - Stopped by Sergei Bobrovsky without a rebound.
5:00 of 3rd period - Casey Mittelstadt wins face-off versus Michael Mcleod in Washington Capitals zone.
5:19 of 3rd period - Wrist shot by Casey Mittelstadt.
5:19 of 3rd period - Shot Misses the Net.
5:21 of 3rd period - Wrist shot by Kasperi Kapanen.
5:21 of 3rd period - Shot Misses the Net.
5:23 of 3rd period - Slapshot by Chad Ruhwedel.
5:23 of 3rd period - Stopped by Sergei Bobrovsky without a rebound.
5:24 of 3rd period - Aleksander Barkov wins face-off versus Michael Mcleod in Washington Capitals zone.
5:55 of 3rd period - Ian Cole is hit by Kasperi Kapanen and loses puck.
6:39 of 3rd period - Icing by Jacob Bryson.
6:40 of 3rd period - Aleksander Barkov wins face-off versus Nico Hischier in Vancouver Canucks zone.
6:49 of 3rd period - Penalty to Brad Marchand is over, Brad Marchand is back on ice.
8:19 of 3rd period - Sam Lafferty is hit by David Savard and loses puck.
8:36 of 3rd period - Jesperi Kotkaniemi is hit by Nico Hischier and loses puck.
8:57 of 3rd period - Wrist shot by Artturi Lehkonen.
8:57 of 3rd period - Shot Misses the Net.
8:59 of 3rd period - Snap shot by Kasperi Kapanen.
8:59 of 3rd period - Shot Misses the Net.
9:01 of 3rd period - Snap shot by Kasperi Kapanen.
9:01 of 3rd period - Stopped by Sergei Bobrovsky without a rebound.
9:02 of 3rd period - Brayden Point wins face-off versus Aleksander Barkov in Washington Capitals zone.
9:36 of 3rd period - Justin Schultz is hit by Alex Ovechkin.
10:24 of 3rd period - Icing by Clayton Keller.
10:25 of 3rd period - Aleksander Barkov wins face-off versus Nico Hischier in Vancouver Canucks zone.
10:35 of 3rd period - Off-side.
10:36 of 3rd period - Robby Fabbri wins face-off versus Nico Hischier in neutral zone.
11:06 of 3rd period - Brad Marchand is hit by Anton Lundell.
11:24 of 3rd period - Snap shot by Owen Tippett.
11:24 of 3rd period - Stopped by Joonas Korpisalo without a rebound.
11:25 of 3rd period - Casey Mittelstadt wins face-off versus Jordan Kyrou in Vancouver Canucks zone.
11:56 of 3rd period - Slapshot by Robby Fabbri.
11:56 of 3rd period - Stopped by Sergei Bobrovsky without a rebound.
11:57 of 3rd period - Alex Ovechkin wins face-off versus Kasperi Kapanen in Washington Capitals zone.
12:10 of 3rd period - Wrist shot by Brayden Point.
12:10 of 3rd period - Stopped by Joonas Korpisalo without a rebound.
12:11 of 3rd period - Brayden Point wins face-off versus Jesperi Kotkaniemi in Vancouver Canucks zone.
12:20 of 3rd period - Snap shot by Jason Robertson.
12:20 of 3rd period - Shot Misses the Net.
12:22 of 3rd period - Slapshot by Alex Ovechkin.
12:22 of 3rd period - Stopped by Joonas Korpisalo without a rebound.
12:23 of 3rd period - Brayden Point wins face-off versus Robby Fabbri in Vancouver Canucks zone.
13:38 of 3rd period - Wrist shot by Robby Fabbri.
13:38 of 3rd period - Stopped by Sergei Bobrovsky without a rebound.
13:39 of 3rd period - Robby Fabbri wins face-off versus Michael Mcleod in Washington Capitals zone.
13:42 of 3rd period - Wrist shot by Kasperi Kapanen.
13:42 of 3rd period - Shot Blocked by Michael Mcleod.
14:05 of 3rd period - Noah Hanifin is hit by Erik Johnson and loses puck.
14:41 of 3rd period - Robby Fabbri is hit by Jordan Kyrou and loses puck.
14:50 of 3rd period - Snap shot by Chad Ruhwedel.
14:50 of 3rd period - Stopped by Sergei Bobrovsky with a rebound.
14:52 of 3rd period - Snap shot by Artturi Lehkonen.
14:52 of 3rd period - Shot Misses the Net.
14:54 of 3rd period - Snap shot by Kasperi Kapanen.
14:54 of 3rd period - Shot Misses the Net.
15:16 of 3rd period - Slapshot by Owen Tippett.
15:16 of 3rd period - Shot Misses the Net.
15:18 of 3rd period - Slapshot by Ian Cole.
15:18 of 3rd period - Deflect By Jordan Kyrou.
15:18 of 3rd period - Shot Blocked by Miro Heiskanen.
15:18 of 3rd period - Puck is out of play.
15:19 of 3rd period - Casey Mittelstadt wins face-off versus Brayden Point in Vancouver Canucks zone.
16:01 of 3rd period - Brad Marchand is hit by Sam Lafferty and loses puck.
16:24 of 3rd period - Wrist shot by Nico Hischier.
16:24 of 3rd period - Stopped by Joonas Korpisalo without a rebound.
16:25 of 3rd period - Jesperi Kotkaniemi wins face-off versus Brayden Point in Vancouver Canucks zone.
16:52 of 3rd period - Slapshot by Nick Foligno.
16:52 of 3rd period - Shot Misses the Net.
16:54 of 3rd period - Snap shot by Nick Foligno.
16:54 of 3rd period - Shot Blocked by Noah Hanifin.
16:56 of 3rd period - Snap shot by Nick Foligno.
16:56 of 3rd period - Stopped by Joonas Korpisalo without a rebound.
16:57 of 3rd period - Isac Lundestrom wins face-off versus Anton Lundell in Vancouver Canucks zone.
17:03 of 3rd period - Off-side.
17:04 of 3rd period - Isac Lundestrom wins face-off versus Jesperi Kotkaniemi in neutral zone.
17:09 of 3rd period - Slapshot by Dominik Kubalik.
17:09 of 3rd period - Shot Misses the Net.
17:11 of 3rd period - Slapshot by Nick Jensen.
17:11 of 3rd period - Stopped by Joonas Korpisalo with a rebound.
17:13 of 3rd period - Wrist shot by Nick Foligno.
17:13 of 3rd period - Shot Misses the Net.
17:15 of 3rd period - Snap shot by Nick Foligno.
17:15 of 3rd period - Shot Misses the Net.
17:17 of 3rd period - Slapshot by Nick Jensen.
17:17 of 3rd period - Stopped by Joonas Korpisalo with a rebound.
17:19 of 3rd period - Snap shot by Isac Lundestrom.
17:19 of 3rd period - Shot Misses the Net.
17:54 of 3rd period - Alex Ovechkin is hit by Clayton Keller and loses puck.
18:21 of 3rd period - Wrist shot by Kasperi Kapanen.
18:21 of 3rd period - Shot Hit the Post.
18:23 of 3rd period - Slapshot by Artturi Lehkonen.
18:23 of 3rd period - Deflect By Robby Fabbri.
18:23 of 3rd period - Shot Misses the Net.
18:23 of 3rd period - Puck is out of play.
18:24 of 3rd period - Jesperi Kotkaniemi wins face-off versus Michael Mcleod in Washington Capitals zone.
18:28 of 3rd period - Minor Penalty to Owen Tippett for Hooking.
18:29 of 3rd period - Aleksander Barkov wins face-off versus Michael Mcleod in Washington Capitals zone.
18:35 of 3rd period - Snap shot by Clayton Keller.
18:35 of 3rd period - Stopped by Sergei Bobrovsky without a rebound.
18:36 of 3rd period - Aleksander Barkov wins face-off versus Michael Mcleod in Washington Capitals zone.
18:37 of 3rd period - Wrist shot by Mikko Rantanen.
18:37 of 3rd period - Shot Misses the Net.
18:39 of 3rd period - Slapshot by Clayton Keller.
18:39 of 3rd period - Shot Misses the Net.
18:41 of 3rd period - Slapshot by Noah Hanifin.
18:41 of 3rd period - Shot Misses the Net.
18:43 of 3rd period - Wrist shot by Noah Hanifin.
18:43 of 3rd period - Shot Misses the Net.
18:45 of 3rd period - Snap shot by Mikko Rantanen.
18:45 of 3rd period - Stopped by Sergei Bobrovsky with a rebound.
18:47 of 3rd period - Wrist shot by Aleksander Barkov.
18:47 of 3rd period - Shot Blocked by David Savard.
18:49 of 3rd period - Snap shot by Mikko Rantanen.
18:49 of 3rd period - Stopped by Sergei Bobrovsky with a rebound.
18:53 of 3rd period - Snap shot by Aleksander Barkov.
18:53 of 3rd period - Shot Misses the Net.
18:55 of 3rd period - Slapshot by Miro Heiskanen.
18:55 of 3rd period - Shot Misses the Net.
19:17 of 3rd period - Snap shot by Aleksander Barkov.
19:17 of 3rd period - Shot Blocked by Ian Cole.
19:19 of 3rd period - Snap shot by Noah Hanifin.
19:19 of 3rd period - Stopped by Sergei Bobrovsky with a rebound.
19:35 of 3rd period - Snap shot by Mikko Rantanen.
19:35 of 3rd period - Shot Misses the Net.
19:37 of 3rd period - Snap shot by Mikko Rantanen.
19:37 of 3rd period - Goal by Mikko Rantanen - Vancouver Canucks : 2 - Washington Capitals : 3.
19:38 of 3rd period - Nico Hischier wins face-off versus Aleksander Barkov in neutral zone.
19:51 of 3rd period - Vancouver Canucks, Joonas Korpisalo is pulled from the net.
Goals for this period are 2 for Vancouver Canucks vs 0 for Washington Capitals.
Shots for this period are 14 for Vancouver Canucks vs 8 for Washington Capitals.
Back to the Top